 Dungeon Crawl Stone Soup version 0.18.1-6-gd335043 (webtiles) character file.

1484 mopl the Covert (level 8, -8/57 HPs)
             Began as a Vampire Transmuter on May 16, 2016.
             Was a Follower of Kikubaaqudgha.
             Mangled by an ogre
             ... wielding a +0 giant spiked club
              (15 damage)
             ... on level 8 of the Dungeon.
             The game lasted 00:12:29 (5724 turns).

mopl the Covert (Vampire Transmuter)                Turns: 5724, Time: 00:12:30

Health: -8/57      AC:  5    Str:  9    XL:     8   Next: 50%
Magic:  20/20      EV: 14    Int: 15    God:    Kikubaaqudgha [*.....]
Gold:   322        SH:  3    Dex: 17    Spells: 4 memorised, 3 levels left

rFire  + . .     SeeInvis +     i - +1 dagger (speed)
rCold  + + .     Gourm    .     B - +1 robe of Gravity {rF+ MP+9}
rNeg   + + +     Faith    .     (no shield)
rPois  +         Spirit   .     I - +0 helmet
rElec  .         Dismiss  .     (no cloak)
rCorr  .         Reflect  +     v - +0 pair of gloves
SustAt .         Harm     .     (no boots)
MR     .....                    J - +3 amulet of reflection
Stlth  ++++++....               (no ring)
                                f - ring of poison resistance

@: regenerating slowly, not resistant to hostile enchantments, very stealthy
A: fangs 3, see invisible, unbreathing
a: Bat Form, Receive Corpses, Renounce Religion


You were on level 8 of the Dungeon.
You worshipped Kikubaaqudgha.
Kikubaaqudgha was aware of your devotion.
You were near bloodless.

You visited 2 branches of the dungeon, and saw 9 of its levels.

You collected 322 gold pieces.

Inventory:

Hand Weapons
 b - a +0 blowgun
 h - a +0 dagger
 i - a +1 dagger of speed (weapon)
 G - a +0 long sword
Missiles
 a - 115 arrows
 t - 44 poisoned needles
 y - 4 curare-tipped needles
 z - 2 tomahawks of dispersal (quivered)
Armour
 v - a +0 pair of gloves (worn)
 B - the +1 robe of Gravity (worn) {rF+ MP+9}
   (You found it on level 4 of the Dungeon)

   It protects you from fire.
   It affects your magic capacity (+9).
 I - a +0 helmet (worn)
Jewellery
 f - a ring of poison resistance (left hand)
 J - a +3 amulet of reflection (around neck)
Wands
 D - a wand of enslavement (0/24)
 F - a wand of enslavement (10/24)
 K - a wand of lightning (0/15)
Scrolls
 j - a scroll of enchant armour {unknown}
 k - a scroll of blinking {unknown}
 m - a scroll of random uselessness {unknown}
 q - 2 scrolls of remove curse {unknown}
 r - 3 scrolls of enchant weapon {unknown}
 s - 2 scrolls of noise {unknown}
 x - a scroll of teleportation {unknown}
 A - 3 scrolls of recharging {unknown}
 H - a scroll of acquirement {unknown}
Potions
 d - 4 potions of blood
 e - 3 potions of resistance
 g - 2 potions of curing {unknown}
 l - a potion of cure mutation {!q}
 n - 2 potions of heal wounds
 o - a potion of berserk rage {!q}
 p - a potion of mutation {unknown}
 u - a potion of cancellation {unknown}
 w - a potion of flight {unknown}
 C - a potion of lignification {unknown}
 E - a potion of agility {unknown}
 M - a potion of invisibility
 N - a potion of might {unknown}
Books
 c - a book of Changes

   Spells                             Type                      Level
   a - Beastly Appendage              Transmutation                1
   b - Sticks to Snakes               Transmutation                2
   c - Spider Form                    Transmutation/Poison         3
   d - Ice Form                       Ice/Transmutation            4
   e - Blade Hands                    Transmutation                5
 L - Kikubaaqudgha's Compendium of Necromancy
   (Kikubaaqudgha gifted it to you on level 8 of the Dungeon)

   Spells                             Type                      Level
   a - Animate Skeleton               Necromancy                   1
   b - Corpse Rot                     Necromancy                   2
   c - Sublimation of Blood           Necromancy                   2
   d - Vampiric Draining              Necromancy                   3
   e - Control Undead                 Necromancy                   4


   Skills:
 - Level 2.6 Fighting
 + Level 5.7 Short Blades
 - Level 4.1 Dodging
 * Level 11.8 Stealth
 - Level 3.2 Unarmed Combat
 - Level 2.0 Spellcasting
 * Level 1.2 Necromancy
 - Level 2.1 Transmutations


You had 3 spell levels left.
You knew the following spells:

 Your Spells              Type           Power        Failure   Level  Hunger
a - Vampiric Draining     Necr           #.........   43%         3    ###....
c - Corpse Rot            Necr           N/A          21%         2    ###....
w - Sticks to Snakes      Trmt           #.......     14%         2    ###....
x - Animate Skeleton      Necr           N/A          14%         1    #......


Dungeon Overview and Level Annotations

Branches:
Dungeon (8/15)             Temple (1/1) D:5
   Lair: D:8-11

Altars:
Ashenzari
Dithmenos
Elyvilon
Fedhas
Gozag
Kikubaaqudgha
Makhleb
Nemelex Xobeh
Okawaru
Pakellas
Qazlal
Ru
Trog
Vehumet
Xom
Yredelemnul
Zin
The Shining One

Shops:
D:6 %

Annotations:
D:4 ololoev's ghost, novice MiHu
D:5 exclusions: orc warrior and orc wizard, Edmund; Pikel
D:6 exclusion: door, Bubs's ghost, novice FoFi
D:7 bb


Innate Abilities, Weirdness & Mutations

You heal slowly.
You have razor-sharp teeth.
You have supernaturally acute eyesight.
You can survive without breathing.


Message History

Found a stone staircase leading down.
Found 11 stones.
Found 20 stones.
As you open the door, it creaks loudly!
You hear a shout!
An ogre comes into view. It is wielding a giant spiked club.
Found a scroll labeled QIJIMU CEICUSIE.
There is an open door here.
Found 25 stones.
You hit the ogre.
The ogre is lightly wounded.
The ogre hits you with a giant spiked club!!
You hit the ogre.
The ogre is lightly wounded.
You hit the ogre.
The ogre is moderately wounded.
The ogre hits you with a giant spiked club!!
* * * LOW HITPOINT WARNING * * *
The ogre hits you with a giant spiked club!
You die...
Kikubaaqudgha rasps: "You have failed me!
Welcome... oblivion!"

....(...############......
#.#####.# #.#####
####'######### #.#
#............. #.#
#...≈≈≈≈....# #.#
#..≈≈≈≈.....# #.#
#..≈≈≈≈≈..?.#. ..
#...≈O≈.......
#.....@.......
#...##........
#..(########## #####


You could see an ogre.

Vanquished Creatures
  2 hungry ghosts
  An ice beast (D:6)
  A sky beast (D:6)
  An ogre (D:8)
  3 orc wizards (D:8)
  A centaur (D:8)
  A water moccasin zombie (D:7)
  A scorpion (D:6)
  3 howler monkeys (D:8)
  A crimson imp (D:8)
  2 hounds
  A jelly (D:5)
  A giant frog skeleton (D:5)
  A centaur skeleton (D:6)
  An iguana (D:6)
  2 worker ants
  A hound skeleton (D:7)
  A gnoll (D:2)
  6 adders
  An ooze (D:1)
  2 adder skeletons
  3 worms (D:2)
  2 dart slugs
  6 giant geckos
  9 orcs
  A bat (D:2)
  5 giant cockroaches
  5 goblins
  4 hobgoblins
  3 jackals (D:1)
  A kobold (D:8)
  3 quokkas
  A ball python (D:1)
  11 giant newts
  7 rats
95 creatures vanquished.

Vanquished Creatures (collateral kills)
  A big kobold (D:8)
  2 gnolls (D:2)
  A giant cockroach (D:2)
  2 jackals (D:2)
  A kobold (D:8)
7 creatures vanquished.

Vanquished Creatures (others)
  An orc warrior (D:8)
  A howler monkey (D:8)
  An orc wizard (D:8)
3 creatures vanquished.

Grand Total: 105 creatures vanquished

Notes
Turn   | Place    | Note
--------------------------------------------------------------
     0 | D:1      | mopl the Vampire Transmuter began the quest for the Orb.
     0 | D:1      | Reached XP level 1. HP: 14/14 MP: 3/3
    18 | D:1      | Reached skill level 2 in Stealth
   356 | D:1      | Reached XP level 2. HP: 15/20 MP: 5/5
   361 | D:1      | Reached skill level 3 in Stealth
   780 | D:1      | Reached skill level 4 in Stealth
   800 | D:1      | Reached XP level 3. HP: 11/25 MP: 6/6
   804 | D:1      | Learned a level 2 spell: Sticks to Snakes
   831 | D:1      | Reached skill level 1 in Short Blades
  1150 | D:2      | Reached skill level 5 in Stealth
  1541 | D:2      | Found a blossoming altar of Fedhas.
  1567 | D:2      | Reached XP level 4. HP: 31/31 MP: 7/7
  1572 | D:2      | Found a sacrificial altar of Ru.
  1577 | D:2      | Found an opulent altar of Gozag.
  1577 | D:2      | Found a glowing silver altar of Zin.
  1878 | D:2      | Found a white marble altar of Elyvilon.
  1949 | D:2      | Reached skill level 6 in Stealth
  2095 | D:2      | Reached skill level 2 in Short Blades
  2484 | D:3      | Found an oddly glowing altar of Pakellas.
  3081 | D:4      | Got a faintly glowing robe
  3092 | D:4      | Identified the +1 robe of Gravity {rF+ MP+9} (You found it on level 4 of the Dungeon)
  3176 | D:4      | Noticed ololoev's ghost (novice MiHu)
  3200 | D:5      | Entered Level 5 of the Dungeon
  3214 | D:5      | Noticed an orc warrior
  3215 | D:5      | Reached XP level 5. HP: 36/36 MP: 8/8
  3234 | D:5      | Found a staircase to the Ecumenical Temple.
  3240 | Temple   | Entered the Ecumenical Temple
  3276 | Temple   | Became a worshipper of Kikubaaqudgha
  3364 | D:5      | Found an iron altar of Okawaru.
  3380 | D:5      | Reached skill level 7 in Stealth
  3546 | D:5      | Noticed Pikel
  3546 | D:5      | Noticed a slave
  3546 | D:5      | Noticed a slave
  3546 | D:5      | Noticed a slave
  3548 | D:5      | Noticed a slave
  3694 | D:6      | Noticed Bubs's ghost (novice FoFi)
  3697 | D:6      | Noticed a sky beast
  3703 | D:6      | Killed a sky beast
  3703 | D:6      | Reached skill level 3 in Short Blades
  3703 | D:6      | Reached skill level 8 in Stealth
  3703 | D:6      | Reached XP level 6. HP: 42/42 MP: 9/9
  3705 | D:6      | Noticed an ice beast
  3709 | D:6      | Killed an ice beast
  3721 | D:6      | Found an iron altar of Okawaru.
  3761 | D:7      | Reached skill level 4 in Short Blades
  3761 | D:7      | Reached skill level 9 in Stealth
  3784 | D:7      | Found an iron altar of Okawaru.
  3867 | D:6      | Found Wemaotud's Food Emporium.
  3867 | D:6      | Noticed a hungry ghost
  3902 | D:6      | Killed a hungry ghost
  3902 | D:6      | Reached skill level 10 in Stealth
  3902 | D:6      | Reached XP level 7. HP: 45/47 MP: 10/10
  3951 | D:5      | Noticed Edmund
  3969 | D:5      | Reached skill level 1 in Fighting
  4552 | D:8      | Noticed a hungry ghost
  4561 | D:8      | Reached skill level 5 in Short Blades
  4561 | D:8      | Reached skill level 3 in Dodging
  4579 | D:8      | Reached * piety under Kikubaaqudgha
  4579 | D:8      | Received a gift from Kikubaaqudgha
  4580 | D:8      | Identified Kikubaaqudgha's Compendium of Necromancy (Kikubaaqudgha gifted it to you on level 8 of the Dungeon)
  4583 | D:8      | Learned a level 1 spell: Animate Skeleton
  4586 | D:8      | Learned a level 2 spell: Corpse Rot
  4614 | D:8      | Reached skill level 11 in Stealth
  4614 | D:8      | Reached XP level 8. HP: 55/56 MP: 11/11
  4616 | D:8      | Reached skill level 2 in Fighting
  4690 | D:8      | Reached skill level 4 in Dodging
  5169 | D:8      | Learned a level 3 spell: Vampiric Draining
  5223 | D:8      | Reached skill level 1 in Necromancy
  5724 | D:8      | Mangled by an ogre

Skill      XL: |  1  2  3  4  5  6  7  8 |
---------------+-------------------------+-----
Stealth        | 2 4 5 6 8 10 11 | 11.8
Short Blades   | 1 2 3 4 5 |  5.7
Fighting       | 1 2 |  2.6
Dodging        | 3 4 |  4.1
Necromancy     | 1 |  1.2
Unarmed Combat | |  3.2
Spellcasting   | |  2.0
Transmutations | |  2.1

Action                   |  1- 3 |  4- 6 |  7- 9 || total
-------------------------+-------+-------+-------++-------
Melee: Unarmed           |    13 |       |       ||    13
       Dagger            |    84 |   154 |   201 ||   439
       Bite              |    10 |    13 |    27 ||    50
       Punch             |       |     2 |     3 ||     5
 Cast: Sticks to Snakes  |     3 |       |       ||     3
       Corpse Rot        |       |       |     3 ||     3
Evoke: Wand              |       |       |     9 ||     9
  Use: Potion            |     1 |     1 |     2 ||     4
       Scroll            |       |     6 |       ||     6
 Stab: Sleeping          |     5 |    19 |     9 ||    33
       Distracted        |       |     1 |       ||     1
Armor: Robe              |    15 |    10 |    22 ||    47
Dodge: Dodged            |    44 |    40 |    79 ||   163
Block: Other             |       |     1 |     8 ||     9
